[Event "Sunday 28 January 2nd Tiur 7+2 Rounds 9 Starts 2200 ST"]
[Site "Infinity Chess"]
[Date "2018.1.29"]
[Round "7"]
[White "Murx"]
[Black "Dovahkiin"]
[Result "1/2-1/2"]
[ECO "A13"]
[WhiteElo "2477"]
[BlackElo "2452"]
[WhiteEngine "BrainFish_180113_x64_modern"]
[BlackEngine "BrainFish_180113_x64_modern_CTG"]
[EventType "Swiss"]
[WhiteTeam ""]
[BlackTeam ""]
[PlyCount "145"]
[TimeControl "420+2"]

1. c4 e6 2. d4 d5 3. Nc3 c6 4. e4 dxe4 5. Nxe4 Bb4+ 6. Bd2 Qxd4 7. Bxb4 Qxe4+ 
8. Be2 Na6 9. Bd6 Qxg2 10. Qd2 Nf6 11. Bf3 Qg6 12. O-O-O e5 13. Bxe5 Be6 
14. Ne2 Qf5 15. Bf4 Bxc4 16. Rhg1 Bxa2 17. Qe3+ Qe6 18. Be5 Nd5 19. Bxd5 Bxd5 
20. Nd4 Qe7 21. Nf5 Qc5+ 22. Qxc5 Nxc5 23. Bxg7 Rg8 24. Nh6 Kd7 25. Nxg8 Rxg8 
26. Bh6 Nb3+ 27. Kc2 Rxg1 28. Rxg1 Nd4+ 29. Kd3 Nf3 30. Rg8 Nxh2 31. Be3 a6 
32. Rg7 Nf3 33. Rxh7 a5 34. Bf4 b5 35. Rh6 a4 36. Rd6+ Ke7 37. Rh6 Kd7 
38. Bg3 Ke7 39. Kc3 Ke8 40. Bc7 Ng5 41. Kb4 Ne4 42. f3 Ng5 43. f4 Ne4 
44. Be5 Nf2 45. Bb8 Ne4 46. f5 Kd7 47. Bf4 Nf2 48. Kc3 Ne4+ 49. Kd4 Ke7 
50. Be5 Kd7 51. Bf4 Ke7 52. Rh8 Kf6 53. Rh5 Ke7 54. Be5 Kd7 55. Rh6 Ke7 
56. Ke3 Kd7 57. Rh8 Nd6 58. Kf4 Nc4 59. Bc3 c5 60. Bf6 Kc7 61. Be5+ Nxe5 
62. Kxe5 Bb3 63. Ra8 b4 64. Ra7+ Kb6 65. Ra8 Kb5 66. Ra7 c4 67. Kd4 Kb6 
68. Rxf7 c3 69. bxc3 Bxf7 70. cxb4 a3 71. Kc3 Ka7 72. f6 a2 73. Kb2 1/2-1/2

[Event "Sunday 28 January 2nd Tiur 7+2 Rounds 9 Starts 2200 ST"]
[Site "Infinity Chess"]
[Date "2018.1.29"]
[Round "7"]
[White "ludimilojko"]
[Black "KULLANI"]
[Result "1/2-1/2"]
[ECO "C50"]
[WhiteElo "2375"]
[BlackElo "2468"]
[WhiteEngine "corchess_x64_CTG"]
[BlackEngine "BrainFish_180124_x64_CTG"]
[EventType "Swiss"]
[WhiteTeam ""]
[BlackTeam ""]
[PlyCount "67"]
[TimeControl "420+2"]

1. e4 e5 2. Nf3 Nc6 3. Bc4 Bc5 4. O-O Nf6 5. d3 d6 6. c3 a5 7. Bg5 Ba7 
8. Nbd2 h6 9. Bh4 g5 10. Bg3 O-O 11. Re1 Nh7 12. h3 h5 13. d4 h4 14. Bh2 g4 
15. hxg4 Bxg4 16. Bd5 exd4 17. Qb3 dxc3 18. Qxc3 Ne7 19. Bxb7 Rb8 20. Ba6 Ng6 
21. Bf1 Ng5 22. Qxa5 Bc5 23. Nxg5 Qxg5 24. Nb3 Rxb3 25. axb3 h3 26. b4 hxg2 
27. Be2 Nf4 28. bxc5 Nh3+ 29. Kxg2 Bxe2+ 30. Bg3 Nf4+ 31. Kg1 Nh3+ 32. Kg2 Nf4+ 
33. Kg1 Nh3+ 34. Kg2 1/2-1/2

[Event "Sunday 28 January 2nd Tiur 7+2 Rounds 9 Starts 2200 ST"]
[Site "Infinity Chess"]
[Date "2018.1.29"]
[Round "7"]
[White "Tiger"]
[Black "BraveDevil"]
[Result "1-0"]
[ECO "C58"]
[WhiteElo "2441"]
[BlackElo "2455"]
[WhiteEngine "BrainFish_180124_x64_bmi2"]
[BlackEngine "Cryptic AIL V2"]
[EventType "Swiss"]
[WhiteTeam ""]
[BlackTeam ""]
[PlyCount "71"]
[TimeControl "420+2"]

1. e4 e5 2. Nf3 Nc6 3. Bc4 Nf6 4. Ng5 d5 5. exd5 Na5 6. Bb5+ c6 7. dxc6 bxc6 
8. Bd3 Nd5 9. h4 Nf4 10. Bf1 h6 11. Nf3 Qe7 12. d3 Bg4 13. Nc3 Rb8 14. Ne2 Qc7 
15. Nxf4 exf4 16. Be2 Be7 17. O-O O-O 18. Re1 Rfe8 19. Ne5 Bxe2 20. Rxe2 c5 
21. Bd2 Nc6 22. Nxc6 Qxc6 23. Bxf4 Rxb2 24. Qe1 Qd7 25. g3 Rxa2 26. Rxa2 h5 
27. Ra6 Qb7 28. Ra5 Qb6 29. Ra1 Qb7 30. Bd6 Qc6 31. Rxe7 Rb8 32. Raxa7 Qxd6 
33. Rxf7 Qg6 34. Qe7 Qxf7 35. Qxf7+ Kh7 36. Qxg7# 1-0

[Event "Sunday 28 January 2nd Tiur 7+2 Rounds 9 Starts 2200 ST"]
[Site "Infinity Chess"]
[Date "2018.1.29"]
[Round "7"]
[White "MarioDeMonti"]
[Black "RonWeasley"]
[Result "1/2-1/2"]
[ECO "C11"]
[WhiteElo "2498"]
[BlackElo "2536"]
[WhiteEngine "stockfish_x64_bmi2_2018_01_13_CTG"]
[BlackEngine "BrainFish 060118_CTG"]
[EventType "Swiss"]
[WhiteTeam ""]
[BlackTeam ""]
[PlyCount "118"]
[TimeControl "420+2"]

1. e4 e6 2. d4 d5 3. Nc3 Nf6 4. e5 Nfd7 5. f4 c5 6. Nf3 Nc6 7. Be3 cxd4 
8. Nxd4 Qb6 9. a3 Bc5 10. Ncb5 a6 11. Nxc6 axb5 12. Bxc5 Nxc5 13. Nd4 Bd7 
14. Be2 O-O 15. c3 f6 16. exf6 Rxf6 17. g3 g5 18. Qd2 gxf4 19. gxf4 Qd6 
20. Rf1 Ne4 21. Qe3 Raf8 22. Nxb5 Bxb5 23. Bxb5 Rxf4 24. Rg1+ Kh8 25. O-O-O Qc5 
26. Qxc5 Nxc5 27. Rg2 Rf2 28. Rdg1 h5 29. Rg6 R8f6 30. Rxf6 Rxf6 31. Rg2 h4 
32. Kd1 Ne4 33. Ke1 Rf3 34. Ke2 Rf4 35. Ke3 e5 36. Be2 Nd6 37. Bd3 Ne4 
38. Rg1 Nf6 39. h3 d4+ 40. cxd4 Nd5+ 41. Ke2 Rxd4 42. Bf5 Nf4+ 43. Kf3 Nd3 
44. Bxd3 Rxd3+ 45. Kg4 Kg7 46. Kxh4+ Kf6 47. a4 Rd2 48. b3 Rd3 49. b4 Rd4+ 
50. Kg3 Rxb4 51. a5 Rb5 52. h4 Rxa5 53. Rf1+ Kg6 54. Rb1 Ra3+ 55. Kf2 Ra4 
56. h5+ Kxh5 57. Rg1 Rg4 58. Rb1 Rd4 59. Kf3 Kh6 1/2-1/2

[Event "Sunday 28 January 2nd Tiur 7+2 Rounds 9 Starts 2200 ST"]
[Site "Infinity Chess"]
[Date "2018.1.29"]
[Round "7"]
[White "KhalidOmar"]
[Black "Eman"]
[Result "1/2-1/2"]
[ECO "C65"]
[WhiteElo "2555"]
[BlackElo "2504"]
[WhiteEngine "Eman 1.68c 64-bit BMI2"]
[BlackEngine "Eman 1.68c 64-bit POPCNT"]
[EventType "Swiss"]
[WhiteTeam ""]
[BlackTeam ""]
[PlyCount "111"]
[TimeControl "420+2"]

1. e4 e5 2. Nf3 Nc6 3. Bb5 Nf6 4. O-O Nxe4 5. Re1 Nd6 6. Nxe5 Be7 7. Bf1 Nxe5 
8. Rxe5 O-O 9. Nc3 Bf6 10. Re1 Re8 11. Rxe8+ Nxe8 12. Nd5 Bg5 13. d4 Bxc1 
14. Rxc1 c6 15. Nf4 d5 16. Qd2 Nd6 17. Re1 Bf5 18. Bd3 Qf6 19. Bxf5 Qxf5 
20. Nd3 Qf6 21. Nc5 b6 22. Nd7 Qd8 23. Ne5 Qc7 24. Nd3 f6 25. f3 Re8 
26. Rxe8+ Nxe8 27. Qe3 Kf7 28. g4 Qe7 29. Kf2 Qd6 30. Qf4 Qxf4 31. Nxf4 g5 
32. Nd3 Ke6 33. h4 Nc7 34. f4 gxh4 35. f5+ Kd6 36. Nc1 c5 37. c3 cxd4 
38. cxd4 Kc6 39. b3 Nb5 40. Ne2 Nd6 41. Kg2 Ne4 42. Nf4 Nc3 43. Nh5 Ne4 
44. Kh3 Kb5 45. a3 a5 46. Nf4 a4 47. bxa4+ Kc4 48. Ne6 Kb3 49. Kxh4 Kxa3 
50. g5 fxg5+ 51. Nxg5 Nd6 52. Nxh7 b5 53. axb5 Nxf5+ 54. Kh5 Nxd4 55. Nf6 Nxb5 
56. Nxd5 1/2-1/2

[Event "Sunday 28 January 2nd Tiur 7+2 Rounds 9 Starts 2200 ST"]
[Site "Infinity Chess"]
[Date "2018.1.29"]
[Round "7"]
[White "incredible"]
[Black "Thinker"]
[Result "1/2-1/2"]
[ECO "E10"]
[WhiteElo "2498"]
[BlackElo "2528"]
[WhiteEngine "stockfish_18012814_x64_bmi2"]
[BlackEngine "BrainFish_180124_x64_modern_CTG"]
[EventType "Swiss"]
[WhiteTeam ""]
[BlackTeam ""]
[PlyCount "61"]
[TimeControl "420+2"]

1. d4 Nf6 2. c4 e6 3. Nf3 d5 4. Nc3 Be7 5. Bf4 O-O 6. e3 Nbd7 7. c5 c6 8. Bd3 b6 
9. b4 a5 10. a3 Nh5 11. Be5 f6 12. Bd6 Bxd6 13. cxd6 g6 14. h4 Ng7 15. h5 Nxh5 
16. g4 Ng7 17. Ke2 f5 18. Rxh7 Kxh7 19. Qh1+ Kg8 20. Qh6 axb4 21. Rh1 bxc3 
22. Qh7+ Kf7 23. Rh6 Rh8 24. Qxg6+ Kg8 25. Rxh8+ Kxh8 26. Ng5 Nf8 27. Nf7+ Kg8 
28. Nh6+ Kh8 29. Nf7+ Kg8 30. Nh6+ Kh8 31. Nf7+ 1/2-1/2

[Event "Sunday 28 January 2nd Tiur 7+2 Rounds 9 Starts 2200 ST"]
[Site "Infinity Chess"]
[Date "2018.1.28"]
[Round "6"]
[White "koalachess"]
[Black "ludimilojko"]
[Result "1/2-1/2 "]
[ECO "C53"]
[WhiteElo "2287"]
[BlackElo "2379"]
[WhiteEngine "asmFishW_2017-11-19_popcnt_CTG"]
[BlackEngine "corchess_x64_CTG"]
[EventType "Swiss"]
[WhiteTeam ""]
[BlackTeam ""]
[PlyCount "172"]
[TimeControl "420+2"]

1. e4 e5 2. Nf3 Nc6 3. Bc4 Bc5 4. c3 Nf6 5. d4 exd4 6. cxd4 Bb4+ 7. Bd2 Bxd2+ 
8. Nbxd2 d5 9. exd5 Nxd5 10. O-O O-O 11. Rc1 Nb6 12. Bb3 a5 13. a4 Nd5 
14. Re1 Be6 15. Ne4 Bg4 16. Rc5 Bxf3 17. Qxf3 Nxd4 18. Qg3 Nb4 19. Rg5 Kh8 
20. Rxg7 Nf5 21. Rxh7+ Kxh7 22. Qf4 Nh6 23. Rd1 Nd3 24. Qf3 Qe7 25. Rxd3 Rae8 
26. Bc2 f5 27. Ng3 Qg5 28. Nf1 Re1 29. Re3 Rxe3 30. Nxe3 Kg7 31. Qxb7 f4 
32. Qxc7+ Rf7 33. Qc3+ Qf6 34. Nd5 Qxc3 35. bxc3 Ng4 36. Bd3 f3 37. gxf3 Rxf3 
38. Be2 Rf5 39. f3 Nf6 40. Ne3 Rc5 41. c4 Kf7 42. Kf2 Rc8 43. Bd3 Rd8 
44. Bc2 Rd2+ 45. Kg3 Re2 46. Kf4 Rxh2 47. Ke5 Re2 48. Kd4 Rd2+ 49. Bd3 Rf2 
50. c5 Rxf3 51. Nc4 Ke6 52. c6 Ne8 53. Nxa5 Rf4+ 54. Kc5 Rxa4 55. Bc4+ Ke7 
56. Nb3 Nd6 57. Bb5 Re4 58. Ba6 Re1 59. Nd4 Rd1 60. Bb5 Ne4+ 61. Kd5 Nf6+ 
62. Kc5 Rc1+ 63. Bc4 Ne4+ 64. Kd5 Nd6 65. Ba6 Ra1 66. Bb5 Ne8 67. Be2 Ra4 
68. Bd3 Nc7+ 69. Kc5 Kd8 70. Bb5 Ra5 71. Kb6 Ra1 72. Bc4 Rc1 73. Kc5 Rd1 
74. Nf3 Kc8 75. Nd4 Kb8 76. Nc2 Rc1 77. Ne3 Kc8 78. Kd6 Re1 79. Nd5 Rd1 
80. Bb3 Rd3 81. Bc4 Rd1 82. Bb3 Ne8+ 83. Kc5 Rc1+ 84. Bc4 Nc7 85. Kd6 Ne8+ 
86. Kc5 Nc7 1/2-1/2

[Event "Sunday 28 January 2nd Tiur 7+2 Rounds 9 Starts 2200 ST"]
[Site "Infinity Chess"]
[Date "2018.1.28"]
[Round "6"]
[White "Tiger"]
[Black "Murx"]
[Result "1/2-1/2"]
[ECO "C53"]
[WhiteElo "2439"]
[BlackElo "2479"]
[WhiteEngine "BrainFish_180124_x64_bmi2"]
[BlackEngine "BrainFish_180113_x64_modern"]
[EventType "Swiss"]
[WhiteTeam ""]
[BlackTeam ""]
[PlyCount "453"]
[TimeControl "420+2"]

1. e4 e5 2. Nf3 Nc6 3. Bc4 Bc5 4. c3 Nf6 5. d4 exd4 6. e5 d5 7. Bb5 Ne4 
8. cxd4 Bb6 9. O-O Bg4 10. a4 a5 11. Nc3 O-O 12. Bxc6 bxc6 13. h3 Bh5 14. Be3 f6 
15. g4 Bg6 16. exf6 Qxf6 17. Ne5 Qh4 18. Kg2 Rae8 19. Nxe4 dxe4 20. Nxg6 hxg6 
21. Qc2 Rf3 22. Rh1 Qf6 23. Rad1 Kh8 24. Rhf1 Qh4 25. Rh1 Qf6 26. Rhg1 Kg8 
27. Rd2 Qh4 28. Qc4+ Kh7 29. Rh1 Ref8 30. Qe2 Qf6 31. Qd1 Ba7 32. Qe2 Bb8 
33. Rc2 c5 34. d5 c6 35. Bxc5 e3 36. Bxf8 Rxf2+ 37. Qxf2 exf2 38. Rxf2 Qe5 
39. d6 Ba7 40. Rhf1 Bxf2 41. Rxf2 Qe4+ 42. Kg3 Qxa4 43. d7 Qb3+ 44. Kh2 Qd1 
45. Rf7 Kg8 46. Re7 Qd6+ 47. Kg2 a4 48. Kf3 c5 49. Ke2 g5 50. Ke1 c4 
51. Re3 Qxd7 52. Ba3 Qd4 53. Ke2 Qf4 54. Re8+ Kh7 55. Re3 Qd4 56. Rc3 Qd5 
57. Re3 Qg2+ 58. Ke1 Qg1+ 59. Ke2 Qh2+ 60. Kd1 Qf2 61. Rc3 Kg6 62. Kc1 Qd4 
63. Kc2 Kf6 64. Kb1 Qe4+ 65. Ka1 Qd4 66. Rf3+ Ke5 67. Ka2 Qe4 68. Rc3 Ke6 
69. Bf8 Qd4 70. Ba3 Qe4 71. Bf8 Qd4 72. Rf3 Kd5 73. Bb4 Kc6 74. Rc3 Kd7 
75. Ka3 Kc6 76. Be7 Kb5 77. Ka2 Qf4 78. Ba3 Qf7 79. Bd6 Qf2 80. Ba3 Qe1 
81. Bf8 Qe5 82. Ba3 Qe4 83. Bf8 Qe5 84. Ba3 Qe1 85. Bf8 g6 86. Bg7 Qf2 
87. Kb1 Kb4 88. Kc1 Kc5 89. Kb1 Kb5 90. Bh6 Qc5 91. Bg7 Qf2 92. Kc1 Kb4 
93. Kb1 Qf1+ 94. Kc2 Qf2+ 95. Kb1 Qf1+ 96. Kc2 Qe2+ 97. Kb1 Kc5 98. Bh6 Qd1+ 
99. Ka2 Qd5 100. Bg7 Kc6 101. Ka3 Kb5 102. Bh6 Qd1 103. Ka2 Qd8 104. Kb1 Qe7 
105. Ka2 Qf6 106. Ka3 Qd6+ 107. Ka2 Qe5 108. Ra3 Qd5 109. Ka1 Qd1+ 110. Ka2 Qd5 
111. Kb1 Qh1+ 112. Ka2 Qd1 113. Rc3 Qd5 114. Bf8 Qe5 115. Ka3 Qe1 116. Ka2 Qe5 
117. Ba3 Qf6 118. Rc1 Qf3 119. Rc3 Qf7 120. Kb1 Qb7 121. Ka2 Qf7 122. Bd6 Qb7 
123. Bf8 Qh1 124. Be7 Qd5 125. Ka3 Qe5 126. Bf8 Qe8 127. Bh6 Qd8 128. Ka2 Ka6 
129. Bg7 Kb7 130. Re3 Qd5 131. Rc3 Qd6 132. Kb1 Qe7 133. Bh6 Qf6 134. Kc2 Qh8 
135. Bxg5 Qd4 136. Kc1 Kc6 137. Kc2 Kb5 138. Bd2 Qg1 139. Re3 Qh2 140. Kc1 Kc5 
141. Kc2 Kd5 142. Kc3 Kc5 143. Kc2 Kb5 144. Rc3 Qe5 145. Re3 Qd4 146. Ra3 Qe4+ 
147. Kc1 Qh1+ 148. Kc2 Qd5 149. Rc3 Qd6 150. Re3 Qf4 151. Re1 Qf3 152. Re5+ Kc6 
153. Re3 Qd5 154. Kc3 Kb5 155. Kc2 Qc6 156. Re5+ Kb6 157. Re3 Kb5 158. Re1 Kc5 
159. Kc1 Qf6 160. Kc2 Kd5 161. Re3 Kc6 162. Ra3 Kb5 163. Rc3 Qf2 164. Re3 Qf6 
165. Ra3 Qe5 166. Re3 Qd5 167. Kc1 Qd4 168. Kc2 Kc5 169. Ra3 Qe4+ 170. Kc1 Qe8 
171. Re3 Qf7 172. Kc2 Qd5 173. Ra3 Qe4+ 174. Kc1 Qc6 175. Rc3 Qb5 176. Kc2 Kb6 
177. Be3+ Ka6 178. Kc1 Qc6 179. Bd2 Kb7 180. Re3 Kb6 181. Kc2 Qd6 182. Ra3 Kb5 
183. Rc3 g5 184. Rf3 Qc6 185. Re3 Qg6+ 186. Kc1 Qf6 187. Ra3 Qe7 188. Re3 Qd6 
189. Rf3 Qd4 190. Rf5+ Kc6 191. Rf3 Kb5 192. Rf5+ Kc6 193. Rf3 Qd5 194. Ra3 Kb5 
195. Kc2 Qe4+ 196. Kc1 Qd5 197. Kc2 Qg2 198. Re3 Qf1 199. Re5+ Kc6 200. Re6+ Kb5 
201. Re5+ Kc6 202. Re6+ Kc5 203. Re5+ Kb6 204. Re6+ Kc7 205. Re7+ Kb6 
206. Re6+ Kc7 207. Re7+ Kb8 208. Re3 Qf7 209. Ra3 Qe8 210. Kc1 Qb5 211. Re3 Qd5 
212. Ra3 Qh1+ 213. Kc2 Qc6 214. Kc1 Qb5 215. Re3 Kc7 216. Rf3 Qd5 217. Ra3 c3 
218. Bxc3 Qc6 219. Kb1 Qh1+ 220. Kc2 Kc8 221. Rxa4 Qxh3 222. Rc4+ Kb7 
223. Rb4+ Ka6 224. Ra4+ Kb7 225. Rb4+ Ka6 226. Ra4+ Kb7 227. Rb4+ 1/2-1/2

[Event "Sunday 28 January 2nd Tiur 7+2 Rounds 9 Starts 2200 ST"]
[Site "Infinity Chess"]
[Date "2018.1.28"]
[Round "6"]
[White "Dovahkiin"]
[Black "MCDermont"]
[Result "1/2-1/2"]
[ECO "C12"]
[WhiteElo "2449"]
[BlackElo "2524"]
[WhiteEngine "BrainFish_180113_x64_modern_CTG"]
[BlackEngine "BrainFish 060118_CTG"]
[EventType "Swiss"]
[WhiteTeam ""]
[BlackTeam ""]
[PlyCount "166"]
[TimeControl "420+2"]

1. e4 e6 2. d4 d5 3. Nc3 Nf6 4. Bg5 Bb4 5. e5 h6 6. Be3 Ne4 7. Qg4 g6 
8. a3 Bxc3+ 9. bxc3 Nxc3 10. Bd3 b6 11. Ne2 Nxe2 12. Qxe2 Bb7 13. h4 c5 
14. c3 Qc7 15. Rb1 h5 16. O-O c4 17. Bc2 Nc6 18. Bg5 Kd7 19. Bf6 Rh7 20. Ba4 Kc8 
21. g3 Na5 22. Qb2 Bc6 23. Bc2 Qd7 24. Qb4 Kc7 25. a4 Re8 26. Kg2 Kc8 
27. Rfe1 Qb7 28. Ra1 Qd7 29. Qa3 Kb8 30. Qb2 Rc8 31. Qb4 Rg8 32. Rab1 Qb7 
33. Bg5 Re8 34. Re3 Rg7 35. Rf3 Ka8 36. Bh6 Rh7 37. Bg5 Qd7 38. Bf6 Rc8 
39. Qa3 Kb8 40. Re3 Qc7 41. Be7 Qd7 42. Ra1 Bb7 43. Rf3 Bc6 44. Ra2 Nb7 
45. Bb4 Ka8 46. a5 Nxa5 47. Bxa5 bxa5 48. Qxa5 Rhh8 49. Re3 Rc7 50. Qa3 Qe7 
51. Qc1 Rb8 52. Re2 Bb7 53. Ra5 Bc6 54. Bd1 Rb5 55. Ra3 Kb8 56. Rea2 Rbb7 
57. Ra6 Bb5 58. R6a5 Rc8 59. Qh6 Rd8 60. Ra1 Rf8 61. Rb1 a6 62. Kg1 Kc7 
63. Rba1 Rfb8 64. Qd2 Rh8 65. Ba4 Rf8 66. Bd1 Kb6 67. Qc1 Kc7 68. Ba4 Rfb8 
69. Qf4 Qf8 70. Kg2 Qe7 71. Bxb5 axb5 72. Qd2 b4 73. Rc5+ Kd8 74. cxb4 Rxb4 
75. Ra6 Ke8 76. Qh6 Qf8 77. Qg5 R4b7 78. Rac6 Qe7 79. Qh6 Rd8 80. Rc8 Kd7 
81. R8c6 Ke8 82. Rc8 Kd7 83. R8c6 Ke8 1/2-1/2

[Event "Sunday 28 January 2nd Tiur 7+2 Rounds 9 Starts 2200 ST"]
[Site "Infinity Chess"]
[Date "2018.1.28"]
[Round "6"]
[White "BraveDevil"]
[Black "star99"]
[Result "1-0"]
[ECO "C58"]
[WhiteElo "2438"]
[BlackElo "2459"]
[WhiteEngine "Cryptic AIL V2"]
[BlackEngine "Cryptic AIL V2"]
[EventType "Swiss"]
[WhiteTeam ""]
[BlackTeam ""]
[PlyCount "165"]
[TimeControl "420+2"]

1. e4 e5 2. Nf3 Nc6 3. Bc4 Nf6 4. Ng5 d5 5. exd5 Na5 6. Bb5+ c6 7. dxc6 bxc6 
8. Bd3 Nd5 9. h4 Bc5 10. Qf3 Qe7 11. O-O Nb4 12. b3 f5 13. Re1 O-O 14. Bb2 e4 
15. Qh5 h6 16. Nc3 Nxd3 17. cxd3 Bd7 18. Ncxe4 fxe4 19. Rxe4 Qd6 20. Re6 Be8 
21. Rxd6 Bxh5 22. Rd7 Bf7 23. Ne6 Bxf2+ 24. Kh2 Rfb8 25. Rf1 Rb7 26. Nc7 Rc8 
27. Be5 Rbxc7 28. Bxc7 Be8 29. Rxf2 Bxd7 30. Bxa5 Rf8 31. Re2 Bf5 32. Re3 Rf7 
33. Bc3 Kh7 34. Kg3 Rd7 35. d4 Kg6 36. Re5 Bb1 37. h5+ Kh7 38. a3 Ba2 
39. Rc5 Bxb3 40. Rxc6 Bd5 41. Ra6 Kg8 42. Kh2 Bf7 43. g4 Bb3 44. Rc6 Rf7 
45. Rc8+ Kh7 46. Kg3 Rd7 47. Re8 Bc4 48. a4 Bd5 49. a5 g6 50. Kf4 Kg7 
51. Rb8 Kf6 52. hxg6 Kxg6 53. Bb4 Bc4 54. Bc5 Kf6 55. Rc8 Be2 56. Rc6+ Kg7 
57. Bd6 Kh7 58. Be5 Bf1 59. Rc8 Ba6 60. Rf8 Bc4 61. Kf5 Rf7+ 62. Rxf7+ Bxf7 
63. Bf4 Bd5 64. Ke5 Bb3 65. d5 Kg6 66. Kd6 a6 67. Bxh6 Kf7 68. g5 Bc4 
69. Kc6 Bb3 70. d6 Kg6 71. d7 Ba4+ 72. Kd6 Bxd7 73. Kxd7 Kf5 74. d3 Kg6 
75. Ke6 Kh5 76. Kf5 Kh4 77. g6 Kg3 78. g7 Kf2 79. g8=Q Kf3 80. Qg4+ Kf2 
81. Ke4 Ke1 82. Qg2 Kd1 83. Qd2# 1-0

[Event "Sunday 28 January 2nd Tiur 7+2 Rounds 9 Starts 2200 ST"]
[Site "Infinity Chess"]
[Date "2018.1.28"]
[Round "6"]
[White "KULLANI"]
[Black "MarioDeMonti"]
[Result "1/2-1/2"]
[ECO "B90"]
[WhiteElo "2467"]
[BlackElo "2499"]
[WhiteEngine "BrainFish_180124_x64_CTG"]
[BlackEngine "stockfish_x64_bmi2_2018_01_13_CTG"]
[EventType "Swiss"]
[WhiteTeam ""]
[BlackTeam ""]
[PlyCount "100"]
[TimeControl "420+2"]

1. e4 c5 2. Nf3 d6 3. d4 cxd4 4. Nxd4 Nf6 5. Nc3 a6 6. Be3 e5 7. Nb3 Be6 
8. f3 h5 9. Qd2 Nbd7 10. Nd5 Bxd5 11. exd5 g6 12. Na5 Bg7 13. Nxb7 Qb8 
14. Na5 Qxb2 15. Rd1 O-O 16. Bc4 e4 17. O-O exf3 18. gxf3 Nh7 19. Nc6 Rfe8 
20. Bb3 Qf6 21. c4 Ne5 22. Kh1 Rac8 23. f4 Nxc6 24. dxc6 Qe7 25. Rf3 Qe4 
26. Qd5 Nf6 27. Qxe4 Rxe4 28. f5 g5 29. Bxg5 Rxc6 30. Bf4 Re2 31. Bxd6 Ne4 
32. Bg3 a5 33. Rg1 Kh7 34. Bh4 Rb2 35. Re1 Nd2 36. Rh3 Bf6 37. Bg3 h4 38. Re3 a4 
39. Bxh4 Bxh4 40. Rxh4+ Rh6 41. Reh3 Rxh4 42. Rxh4+ Kg7 43. Bxa4 Rxa2 
44. Bc6 Rc2 45. Bd5 Kf6 46. Rh7 Nxc4 47. Rxf7+ Ke5 48. Bb7 Nd6 49. Re7+ Kxf5 
50. Bf3 Rd2 1/2-1/2

[Event "Sunday 28 January 2nd Tiur 7+2 Rounds 9 Starts 2200 ST"]
[Site "Infinity Chess"]
[Date "2018.1.28"]
[Round "6"]
[White "SkyPilot"]
[Black "Eman"]
[Result "0-1"]
[ECO "C55"]
[WhiteElo "2480"]
[BlackElo "2488"]
[WhiteEngine "stockfish_x64_bmi2_2018_01_13_CTG"]
[BlackEngine "Eman 1.68c 64-bit POPCNT"]
[EventType "Swiss"]
[WhiteTeam ""]
[BlackTeam ""]
[PlyCount "105"]
[TimeControl "420+2"]

1. e4 e5 2. Nf3 Nc6 3. Bc4 Nf6 4. d3 Bc5 5. c3 a5 6. Bg5 h6 7. Bh4 g5 8. Bg3 d6 
9. O-O O-O 10. a4 Kg7 11. Nbd2 Ba7 12. Nb3 Ne7 13. Nxa5 Ng6 14. b4 h5 15. h4 Bg4 
16. hxg5 Nh7 17. d4 h4 18. Bh2 Nxg5 19. Be2 Nxe4 20. Qc2 f5 21. Nxb7 Qe8 
22. Nxe5 Bxe2 23. Nxg6 Bxf1 24. Nxf8 Ba6 25. Na5 Qxf8 26. b5 Bc8 27. Nc6 Bd7 
28. Nxa7 Rxa7 29. Bf4 Qf6 30. Qb2 h3 31. g3 Qf7 32. f3 Nf6 33. Qe2 Ra8 
34. Kh2 Re8 35. Qd3 Qb3 36. Bd2 Kf7 37. d5 Nxd5 38. Re1 Rxe1 39. Bxe1 Nf6 
40. Kxh3 Qxa4 41. b6 Bb5 42. Qd4 Qa1 43. Qd2 cxb6 44. Kg2 Qb1 45. Kf2 Qb3 
46. Qd4 Nd7 47. Bd2 Qe6 48. g4 fxg4 49. Qe4 Ne5 50. c4 Bxc4 51. Qb7+ Kf6 
52. Qh7 Qd5 53. Qh8+ 0-1

[Event "Sunday 28 January 2nd Tiur 7+2 Rounds 9 Starts 2200 ST"]
[Site "Infinity Chess"]
[Date "2018.1.28"]
[Round "6"]
[White "Thinker"]
[Black "KhalidOmar"]
[Result "1/2-1/2 "]
[ECO "C55"]
[WhiteElo "2527"]
[BlackElo "2556"]
[WhiteEngine "BrainFish_180124_x64_modern_CTG"]
[BlackEngine "Eman 1.68c 64-bit BMI2"]
[EventType "Swiss"]
[WhiteTeam ""]
[BlackTeam ""]
[PlyCount "287"]
[TimeControl "420+2"]

1. e4 e5 2. Nf3 Nc6 3. Bc4 Nf6 4. d3 Bc5 5. c3 a5 6. O-O d6 7. h3 h6 8. Re1 O-O 
9. Nbd2 Be6 10. b3 Bb6 11. a4 d5 12. Bb5 Ne7 13. exd5 Nfxd5 14. Qc2 c6 
15. Bc4 Ng6 16. d4 Ndf4 17. dxe5 Nh4 18. Bf1 Bd5 19. Re4 Nfg6 20. Bc4 Bxe4 
21. Qxe4 Re8 22. g3 Nxf3+ 23. Nxf3 Qf6 24. Bf4 Re7 25. Re1 Rae8 26. Bd3 Qe6 
27. Nh4 Qxe5 28. Bxe5 Rxe5 29. Nxg6 Rxe4 30. Rxe4 Rxe4 31. Bxe4 fxg6 
32. Bxg6 Bc7 33. f4 Kf8 34. Kf2 Bd8 35. Bf5 Bf6 36. Bc8 b5 37. Bb7 bxa4 
38. bxa4 Bxc3 39. Bxc6 Kf7 40. Ke3 Bb2 41. h4 Bc3 42. g4 Be1 43. h5 Kf6 
44. Bb5 Bb4 45. Bd3 Bd6 46. Kf3 Bf8 47. Bg6 Bd6 48. Be8 Bb4 49. Bc6 Bd6 
50. Bd7 Bc5 51. Bb5 Be7 52. Ba6 Bd6 53. Kg3 Bb4 54. Kf3 Be7 55. Bc4 Ba3 
56. Be2 Bb4 57. Bd3 Bd6 58. Bg6 Bc5 59. Ke2 Bd6 60. Kf3 Bb4 61. Bb1 Bd6 
62. Bh7 Bb4 63. Ke3 Bd6 64. Bg6 Bc5+ 65. Ke2 Bd6 66. Ke3 Ba3 67. Kf3 Bd6 
68. Bb1 Bb4 69. Bf5 Bc5 70. Bc2 Bd6 71. Ke4 Bc5 72. Kf3 Bd6 73. Be4 Bb4 
74. Ba8 Bd6 75. Be4 Bb4 76. Bf5 Bc5 77. Bh7 Bb4 78. Kg3 Bd2 79. Bg8 Be1+ 
80. Kg2 Bb4 81. Bb3 Bd6 82. Kg3 Bb4 83. Bd1 Bc5 84. Bb3 Bd6 85. Bg8 Bb4 
86. f5 Bd6+ 87. Kf3 Bb4 88. Bd5 Ba3 89. Be4 Bb4 90. Bb7 Kg5 91. Bc6 Bc5 
92. Be4 Bb4 93. Bc6 Kf6 94. Bb5 Bd6 95. Bc6 Bb4 96. Kg3 Bd6+ 97. Kf2 Be5 
98. Ke2 Bc3 99. Kd3 Be5 100. Kc4 Bd6 101. Bf3 Be7 102. Kd5 Bb4 103. Be2 Bc3 
104. Bd1 Be5 105. Bf3 Bc7 106. Kc4 Be5 107. Kb5 Bc7 108. Kc6 Bg3 109. Kb6 Be1 
110. Be2 Bc3 111. Kc6 Kg5 112. Kd5 Bb4 113. Kd4 Kf6 114. Bd1 Kg5 115. Kc4 Be7 
116. Kd5 Bb4 117. Ke6 Bc3 118. Kd6 Bb4+ 119. Ke5 Bd2 120. Kd5 Kf4 121. Ke6 Bc3 
122. Kd7 Kg5 123. Kd8 Be5 124. Ke7 Bf6+ 125. Kf8 Bc3 126. Be2 Kf6 127. Kg8 Kg5 
128. Bd1 Be5 129. Kf7 Bd4 130. Ke6 Kf4 131. Kd7 Be5 132. Kc6 Bd4 133. f6 Bxf6 
134. Kb5 Bc3 135. Be2 Ke3 136. Bc4 Kd2 137. Be6 Kd3 138. Kc6 Kd4 139. Bf5 Ke3 
140. Kb5 Kf4 141. Bd7 Bd2 142. Kb6 Bb4 143. Be6 Bc3 144. Kc6 1/2-1/2

[Event "Sunday 28 January 2nd Tiur 7+2 Rounds 9 Starts 2200 ST"]
[Site "Infinity Chess"]
[Date "2018.1.28"]
[Round "6"]
[White "RonWeasley"]
[Black "incredible"]
[Result "1/2-1/2"]
[ECO "C53"]
[WhiteElo "2538"]
[BlackElo "2496"]
[WhiteEngine "BrainFish 060118_CTG"]
[BlackEngine "stockfish_18012814_x64_bmi2"]
[EventType "Swiss"]
[WhiteTeam ""]
[BlackTeam ""]
[PlyCount "94"]
[TimeControl "420+2"]

1. e4 e5 2. Nf3 Nc6 3. Bc4 Bc5 4. c3 Nf6 5. d3 a6 6. Bg5 h6 7. Bh4 O-O 8. Qc2 g5 
9. Bg3 d6 10. Nbd2 Kg7 11. h3 Ba7 12. a3 Nh5 13. Bh2 Qf6 14. O-O-O Bxf2 
15. Rdf1 Bg3 16. Nh4 Bf4 17. g3 Nxg3 18. Bxg3 gxh4 19. Bxf4 exf4 20. d4 Kh8 
21. Qd1 Ne7 22. Qh5 Be6 23. Bxe6 fxe6 24. Rhg1 Kh7 25. Rg4 Qf7 26. Qxh4 Ng6 
27. Qh5 Nh8 28. Qxf7+ Rxf7 29. Rfg1 e5 30. Nf3 Re8 31. h4 c5 32. dxc5 dxc5 
33. a4 Rd7 34. Kc2 Nf7 35. Rg7+ Kh8 36. Kb3 b5 37. a5 h5 38. R1g6 Red8 
39. Rg1 Re8 40. R1g6 Red8 41. Kc2 c4 42. Rg2 Re8 43. Kc1 Red8 44. Kb1 Rf8 
45. Kc2 Re8 46. Kc1 Red8 47. Kc2 Re8 1/2-1/2

[Event "Sunday 28 January 2nd Tiur 7+2 Rounds 9 Starts 2200 ST"]
[Site "Infinity Chess"]
[Date "2018.1.28"]
[Round "5"]
[White "ludimilojko"]
[Black "Murx"]
[Result "1/2-1/2"]
[ECO "C50"]
[WhiteElo "2375"]
[BlackElo "2483"]
[WhiteEngine "corchess_x64_CTG"]
[BlackEngine "BrainFish_180113_x64_modern"]
[EventType "Swiss"]
[WhiteTeam ""]
[BlackTeam ""]
[PlyCount "115"]
[TimeControl "420+2"]

1. e4 e5 2. Nf3 Nc6 3. Bc4 Bc5 4. O-O d6 5. c3 Bb6 6. d3 Nf6 7. Nbd2 O-O 
8. a4 a5 9. h3 h6 10. Re1 Be6 11. b3 d5 12. Bb5 Ne7 13. exd5 Nfxd5 14. Qc2 c6 
15. Bc4 Ng6 16. d4 Ndf4 17. dxe5 Nh4 18. Bf1 Bd5 19. Re4 Bxe4 20. Qxe4 Nfg6 
21. Bc4 Nxf3+ 22. Nxf3 Qd1+ 23. Kh2 Kh8 24. Bb2 f5 25. Qxc6 bxc6 26. Rxd1 Rfd8 
27. Re1 Bxf2 28. Rf1 Bb6 29. Kh1 Bc5 30. Bc1 Ne7 31. g3 Nd5 32. Nd4 Bxd4 
33. cxd4 Nb4 34. Bb2 g6 35. g4 Rf8 36. gxf5 Rxf5 37. Rxf5 gxf5 38. Kg1 Nd5 
39. Bc1 Kg7 40. Bd2 f4 41. Kf2 Kg6 42. Kf3 Kf5 43. Bd3+ Ke6 44. Ke4 Rg8 
45. Be2 Rg3 46. Bg4+ Ke7 47. Bf3 Rxh3 48. Bxa5 Rh2 49. b4 Ra2 50. b5 Rxa4 
51. Be1 Kd7 52. bxc6+ Kxc6 53. Bd2 Ra3 54. Bxf4 h5 55. Bxh5 Nxf4 56. Be8+ Kc7 
57. Kxf4 Ra8 58. Bb5 1/2-1/2